% Time on Ice - RENO LIONS
Lines # - Real PCT - Wanted PCT - Time Play
Normal Forward
1 - 31% - 35% - 12:40
2 - 28% - 35% - 11:22
3 - 24% - 20% - 9:54
4 - 17% - 10% - 6:50
Normal Defense
1 - 28% - 35% - 11:30
2 - 41% - 35% - 16:48
3 - 29% - 20% - 11:39
4 - 2% - 10% - 0:49
PP Forward
1 - 54% - 65% - 9:17
2 - 46% - 35% - 7:58
PP Defense
1 - 55% - 60% - 9:33
2 - 45% - 40% - 7:42
PK Forward
1 - 65% - 55% - 1:17
2 - 35% - 45% - 0:42
PK Defense
1 - 27% - 55% - 0:32
2 - 73% - 45% - 1:27
PK3 Forward
1 - 0% - 55%
2 - 0% - 45%
PK3 Defense
1 - 0% - 55%
2 - 0% - 45%
44 Forward
1 - 0% - 55%
2 - 0% - 45%
44 Defense
1 - 0% - 55%
2 - 0% - 45%
Last Minute Offensive  - 0:00
Last Minute Defensive  - 0:00
Total
Forward - 60:00
Defense - 60:00
% Time on Ice - OKANAGAN RATTLESNAKES
Lines # - Real PCT - Wanted PCT - Time Play
Normal Forward
1 - 32% - 36% - 12:54
2 - 32% - 31% - 12:52
3 - 21% - 23% - 8:26
4 - 16% - 10% - 6:34
Normal Defense
1 - 33% - 36% - 13:20
2 - 35% - 31% - 14:15
3 - 32% - 23% - 13:04
4 - 0% - 10% - 0:07
PP Forward
1 - 68% - 55% - 1:21
2 - 32% - 45% - 0:38
PP Defense
1 - 68% - 55% - 1:21
2 - 32% - 45% - 0:38
PK Forward
1 - 54% - 55% - 8:55
2 - 46% - 45% - 7:38
PK Defense
1 - 60% - 55% - 9:58
2 - 40% - 45% - 6:35
PK3 Forward
1 - 71% - 55% - 0:30
2 - 29% - 45% - 0:12
PK3 Defense
1 - 21% - 55% - 0:09
2 - 79% - 45% - 0:33
44 Forward
1 - 0% - 55%
2 - 0% - 45%
44 Defense
1 - 0% - 55%
2 - 0% - 45%
Last Minute Offensive  - 0:00
Last Minute Defensive  - 0:00
Total
Forward - 60:00
Defense - 60:00
Play-by-Play 1st period 0:01 of 1st period - Lars Eller wins face-off versus Steven Stamkos in neutral zone. 0:34 of 1st period - Shot by Steven Stamkos. 0:34 of 1st period - Stopped by Jack Campbell with a rebound. 0:36 of 1st period - Shot by Kirill Kaprizov. 0:36 of 1st period - Shot Misses the Net. 0:38 of 1st period - Shot by Brady Skjei. 0:38 of 1st period - Shot Misses the Net. 0:40 of 1st period - Shot by Elias Pettersson. 0:40 of 1st period - Stopped by Jack Campbell without a rebound. 0:41 of 1st period - Casey Cizikas wins face-off versus Nick Bjugstad in OKANAGAN RATTLESNAKES zone. 0:47 of 1st period - Minor Penalty to Casey Cizikas for Boarding. 0:48 of 1st period - T.J. Oshie wins face-off versus Nick Bjugstad in OKANAGAN RATTLESNAKES zone. 1:07 of 1st period - Icing by Jack Roslovic. 1:08 of 1st period - T.J. Oshie wins face-off versus Nick Bjugstad in RENO LIONS zone. 1:19 of 1st period - Shot by Jack Roslovic. 1:19 of 1st period - Stopped by Jack Campbell without a rebound. 1:20 of 1st period - Lars Eller wins face-off versus Steven Stamkos in OKANAGAN RATTLESNAKES zone. 2:47 of 1st period - Shot by Ilya Mikheyev. 2:47 of 1st period - Shot Misses the Net. 2:49 of 1st period - Shot by Marcus Foligno. 2:49 of 1st period - Shot Blocked by Casey Cizikas. 2:51 of 1st period - Shot by Oliver Ekman-Larsson. 2:51 of 1st period - Goal by Oliver Ekman-Larsson - RENO LIONS : 1 - OKANAGAN RATTLESNAKES : 0. 2:52 of 1st period - Patrick Brown wins face-off versus Casey Cizikas in neutral zone. 2:55 of 1st period - Casey Cizikas is hit by Patrick Brown and loses puck. 3:12 of 1st period - Shot by Marcus Foligno. 3:12 of 1st period - Deflect By Nicholas Ritchie. 3:12 of 1st period - Stopped by Jack Campbell without a rebound. 3:13 of 1st period - Oskar Sundqvist wins face-off versus Steven Stamkos in OKANAGAN RATTLESNAKES zone. 3:18 of 1st period - Minor Penalty to Ryan Reaves for Roughing. 3:19 of 1st period - Steven Stamkos wins face-off versus T.J. Oshie in OKANAGAN RATTLESNAKES zone. 4:37 of 1st period - Shot by Jack Roslovic. 4:37 of 1st period - Stopped by Jack Campbell with a rebound. 5:08 of 1st period - Icing by Elias Pettersson. 5:09 of 1st period - Elias Pettersson wins face-off versus T.J. Oshie in RENO LIONS zone. 5:14 of 1st period - Shot by Kirill Kaprizov. 5:14 of 1st period - Shot Misses the Net. 5:16 of 1st period - Shot by Brady Skjei. 5:16 of 1st period - Stopped by Jack Campbell without a rebound. 5:17 of 1st period - Lars Eller wins face-off versus Steven Stamkos in OKANAGAN RATTLESNAKES zone. 6:22 of 1st period - Minor Penalty to Pierre-Edouard Bellemare for Goalie Interference. 6:23 of 1st period - Steven Stamkos wins face-off versus T.J. Oshie in OKANAGAN RATTLESNAKES zone. 6:42 of 1st period - Shot by Elias Pettersson. 6:42 of 1st period - Shot Blocked by Colton Parayko. 6:44 of 1st period - Shot by Brady Skjei. 6:44 of 1st period - Shot Misses the Net. 6:46 of 1st period - Shot by Steven Stamkos. 6:46 of 1st period - Shot Blocked by Colton Parayko. 6:48 of 1st period - Shot by Brady Skjei. 6:48 of 1st period - Shot Misses the Net. 7:21 of 1st period - Icing by Jack Roslovic. 7:22 of 1st period - Nick Bjugstad wins face-off versus T.J. Oshie in RENO LIONS zone. 7:45 of 1st period - Shot by Jack Roslovic. 7:45 of 1st period - Shot Misses the Net. 7:47 of 1st period - Shot by Nick Bjugstad. 7:47 of 1st period - Shot Misses the Net. 7:51 of 1st period - Shot by Ilya Mikheyev. 7:51 of 1st period - Stopped by Jack Campbell with a rebound. 8:55 of 1st period - Pierre-Edouard Bellemare is hit by Marian Studenic and loses puck. 9:03 of 1st period - Icing by Arber Xhekaj. 9:04 of 1st period - Steven Stamkos wins face-off versus Mike Hoffman in OKANAGAN RATTLESNAKES zone. 9:05 of 1st period - Shot by Kirill Kaprizov. 9:05 of 1st period - Shot Blocked by Mike Hoffman. 9:07 of 1st period - Shot by Brady Skjei. 9:07 of 1st period - Shot Misses the Net. 9:09 of 1st period - Shot by Justin Schultz. 9:09 of 1st period - Stopped by Jack Campbell with a rebound. 9:11 of 1st period - Shot by Elias Pettersson. 9:11 of 1st period - Shot Misses the Net. 9:24 of 1st period - Steven Stamkos is hit by Arber Xhekaj and loses puck. 9:45 of 1st period - Shot by Kirill Kaprizov. 9:45 of 1st period - Shot Blocked by Mike Hoffman. 11:19 of 1st period - Marcus Foligno is hit by Jeremy Lauzon and loses puck. 11:28 of 1st period - Shot by Anders Lee. 11:28 of 1st period - Shot Misses the Net. 11:33 of 1st period - Nicholas Ritchie is hit by T.J. Oshie and loses puck. 14:08 of 1st period - Shot by Lars Eller. 14:08 of 1st period - Shot Misses the Net. 15:00 of 1st period - Shot by Ilya Mikheyev. 15:00 of 1st period - Stopped by Jack Campbell with a rebound. 15:32 of 1st period - Shot by Jack Roslovic. 15:32 of 1st period - Stopped by Jack Campbell with a rebound. 15:34 of 1st period - Shot by Nick Bjugstad. 15:34 of 1st period - Goal by Nick Bjugstad - RENO LIONS : 2 - OKANAGAN RATTLESNAKES : 0. 15:35 of 1st period - Steven Stamkos wins face-off versus Oskar Sundqvist in neutral zone. 15:40 of 1st period - Shot by Steven Stamkos. 15:40 of 1st period - Shot Blocked by Arber Xhekaj. 15:43 of 1st period - Icing by Jujhar Khaira. 15:44 of 1st period - Oskar Sundqvist wins face-off versus Kirill Kaprizov in OKANAGAN RATTLESNAKES zone. 16:09 of 1st period - Shot by Elias Pettersson. 16:09 of 1st period - Shot Misses the Net. 16:47 of 1st period - Shot by Lars Eller. 16:47 of 1st period - Shot Misses the Net. 16:50 of 1st period - Minor Penalty to T.J. Oshie for Interference. 16:51 of 1st period - Pierre-Edouard Bellemare wins face-off versus Ilya Mikheyev in OKANAGAN RATTLESNAKES zone. 19:06 of 1st period - Marcus Foligno is hit by Ryan Reaves and loses puck. 19:14 of 1st period - Brady Skjei is hit by Arber Xhekaj and loses puck. 19:22 of 1st period - Marcus Foligno is hit by Arber Xhekaj and loses puck. Goals for this period are 2 for RENO LIONS vs 0 for OKANAGAN RATTLESNAKES. Shots for this period are 12 for RENO LIONS vs 0 for OKANAGAN RATTLESNAKES. 2nd period 0:01 of 2nd period - Nick Bjugstad wins face-off versus Lars Eller in neutral zone. 0:12 of 2nd period - Shot by Anders Lee. 0:12 of 2nd period - Stopped by Stuart Skinner without a rebound. 0:13 of 2nd period - Casey Cizikas wins face-off versus Steven Stamkos in RENO LIONS zone. 0:35 of 2nd period - Elias Pettersson is hit by Colton Parayko and loses puck. 0:47 of 2nd period - Shot by Oliver Ekman-Larsson. 0:47 of 2nd period - Stopped by Jack Campbell without a rebound. 0:48 of 2nd period - Nick Bjugstad wins face-off versus Lars Eller in OKANAGAN RATTLESNAKES zone. 0:48 of 2nd period - Nick Bjugstad is hit by Jeremy Lauzon. 1:18 of 2nd period - Shot by Anders Lee. 1:18 of 2nd period - Deflect By T.J. Oshie. 1:18 of 2nd period - Shot Blocked by Jack Roslovic. 1:20 of 2nd period - Shot by Anders Lee. 1:20 of 2nd period - Stopped by Stuart Skinner with a rebound. 1:22 of 2nd period - Shot by Lars Eller. 1:22 of 2nd period - Stopped by Stuart Skinner without a rebound. 1:23 of 2nd period - Steven Stamkos wins face-off versus Mike Hoffman in RENO LIONS zone. 1:23 of 2nd period - Steven Stamkos is hit by Stefan Noesen. 1:24 of 2nd period - Minor Penalty to Stefan Noesen for Cross-checking. 1:25 of 2nd period - T.J. Oshie wins face-off versus Steven Stamkos in OKANAGAN RATTLESNAKES zone. 1:25 of 2nd period - T.J. Oshie is hit by Steven Stamkos. 1:31 of 2nd period - Elias Pettersson is hit by T.J. Oshie and loses puck. 2:33 of 2nd period - Shot by Jack Roslovic. 2:33 of 2nd period - Stopped by Jack Campbell without a rebound. 2:34 of 2nd period - Nick Bjugstad wins face-off versus Anders Lee in OKANAGAN RATTLESNAKES zone. 2:41 of 2nd period - Shot by Ilya Mikheyev. 2:41 of 2nd period - Shot Misses the Net. 2:43 of 2nd period - Shot by Justin Schultz. 2:43 of 2nd period - Stopped by Jack Campbell without a rebound. 2:44 of 2nd period - Jack Roslovic wins face-off versus T.J. Oshie in OKANAGAN RATTLESNAKES zone. 2:45 of 2nd period - Shot by Justin Schultz. 2:45 of 2nd period - Stopped by Jack Campbell without a rebound. 2:46 of 2nd period - T.J. Oshie wins face-off versus Steven Stamkos in OKANAGAN RATTLESNAKES zone. 3:16 of 2nd period - Shot by Steven Stamkos. 3:16 of 2nd period - Shot Misses the Net. 3:18 of 2nd period - Shot by Steven Stamkos. 3:18 of 2nd period - Shot Blocked by Esa Lindell. 3:20 of 2nd period - Shot by Justin Schultz. 3:20 of 2nd period - Stopped by Jack Campbell without a rebound. 3:21 of 2nd period - Lars Eller wins face-off versus Nick Bjug